Admirals vs Admirals NSH

Created - Tuesday, November 04, 2014 at 22:51

Goals
1 2 3 OT1 SO T
Admirals 0 1 0 0 0 1
Admirals NSH 0 1 0 0 2 2
Shots
1 2 3 OT1 SO T
Admirals 2 7 12 2 2 23
Admirals NSH 9 15 6 2 2 32

1st period

No Goal

Penalties :
No Penalty

2nd period

1. Admirals , Carter Ashton 4 (Carter Camper) at 12:57 (PP)
2. Admirals NSH , Lane MacDermid 1 (Corey Tropp, Jyrki Jokipakka) at 14:26

Penalties :
Frazer McLaren (MIL) for Tripping (Minor) at 0:43, Adam Cracknell (MIL) for Interference (Minor) at 1:22, Darryl Boyce (NOR) for Charging (Minor) at 4:31, Farm Player70 (MIL) for Hooking (Minor) at 11:58

3rd period

No Goal

Penalties :
Scott Ford (NOR) for Hooking (Minor) at 1:06, Frazer McLaren (MIL) for Roughing (Minor) at 5:13, Cade Fairchild (NOR) for Hooking (Minor) at 11:51

Overtime #1

No Goal

Penalties :
No Penalty

Shootout

Penalty Shot by Jonathan Marchessault for Admirals - Stopped by Johan Gustafsson
Penalty Shot by Corey Tropp for Admirals NSH - Goal!
Penalty Shot by Keith Aucoin for Admirals - Shot Misses the Net
Penalty Shot by Adam Cracknell for Admirals NSH - Goal!

Penalties :
No Penalty

Goalie Stats

Brad Thiessen (NOR), 31 saves from 32 shots - (0.969), OTL, 6-5-2, 65:00 minutes
Johan Gustafsson (MIL), 22 saves from 23 shots - (0.957), W, 5-7-1, 65:00 minutes

Players Stats for Admirals

Player Name              G  A  P  +/- PIM S  H  SB GA TA FO     MP     PP MP  PK MP  
------------------------------------------------------------------------------------
Alex Grant               0  0  0  -1  0   1  5  4  1  1  0/0    30:13   4:07   4:23 
Brayden Irwin            0  0  0   0  0   0  0  0  0  0  0/0     0:00   0:00   0:00 
Bryan Rodney             0  0  0  -1  0   0  2  0  0  1  0/0    26:57   4:07   4:23 
Cade Fairchild           0  0  0   0  2   3  1  1  0  3  0/0    26:11   1:29   1:15 
Carter Ashton            1  0  1   0  0   5  2  0  1  0  0/0    17:58   2:41   0:00 
Carter Camper            0  1  1   0  0   3  0  0  2  0  2/8    19:09   2:41   0:00 
Darryl Boyce             0  0  0   0  2   0  1  2  0  2  1/2    19:09   0:00   0:04 
Farm Player2             0  0  0   0  0   0  0  0  0  0  0/0    15:36   0:00   1:04 
Farm Player20            0  0  0   0  0   0  0  0  0  0  0/0     7:20   0:00   0:31 
Jean-Gabriel Pageau      0  0  0   0  0   1  3  0  0  0  0/0    15:12   0:00   0:00 
Jerry D'Amigo            0  0  0  -1  0   1  2  0  3  2  0/1    17:24   2:55   0:24 
Jonathan Marchessault    0  0  0  -1  0   3  1  0  3  0  5/8    23:57   2:55   4:21 
Keith Aucoin             0  0  0  -1  0   1  1  0  2  2  5/11   23:36   2:55   4:37 
Mike Sislo               0  0  0   0  0   3  0  0  4  1  0/0    15:16   0:00   0:00 
Mike Zigomanis           0  0  0   0  0   2  3  0  0  0  9/13   19:47   2:41   0:24 
Ryan Bourque             0  0  0   0  0   0  2  0  1  0  0/3     9:44   0:00   0:48 
Scott Ford               0  0  0   0  2   0  1  0  0  1  0/0    26:31   1:29   1:34 
Sven Andrighetto         0  0  0   0  0   0  0  0  0  0  0/0     0:00   0:00   0:00 

Players Stats for Admirals NSH

Player Name              G  A  P  +/- PIM S  H  SB GA TA FO     MP     PP MP  PK MP  
------------------------------------------------------------------------------------
Adam Cracknell           0  0  0   0  2   0  3  0  0  0  6/10   20:24   3:28   3:02 
Alexey Marchenko         0  0  0   0  0   0  0  4  1  1  0/0    19:46   2:33   0:00 
Brody Sutter             0  0  0   0  0   5  3  0  1  0  8/11   18:52   2:29   0:00 
Cameron Schilling        0  0  0   0  0   0  0  0  1  3  0/0    16:00   0:00   2:17 
Corey Tropp              0  1  1   1  0   4  2  1  6  2  4/13   22:53   2:40   3:30 
Farm Player70            0  0  0   0  2   0  0  0  0  0  0/0    16:39   0:00   1:07 
Farm Player71            0  0  0   1  0   0  1  0  0  0  0/0     9:28   0:00   0:13 
Frazer McLaren           0  0  0   0  4   1  3  0  2  0  0/0    14:02   3:28   0:06 
Fredrik Claesson         0  0  0   0  0   0  1  5  0  1  0/0    27:03   3:24   3:19 
Jamie Tardif             0  0  0   0  0   4  2  1  1  0  1/1    18:12   2:29   0:00 
Jyrki Jokipakka          0  1  1   1  0   4  1  0  1  1  0/0    15:54   0:00   0:00 
Lane MacDermid           1  0  1   1  0   1  0  0  3  0  1/1    12:11   0:00   1:53 
Marcel Noebels           0  0  0   0  0   4  2  0  2  0  0/0    15:28   0:00   0:00 
Matt Halischuk           0  0  0   0  0   0  0  0  0  0  0/0     0:00   0:00   0:00 
Nikita Nesterov          0  0  0   1  0   1  0  1  0  0  0/0    24:14   2:33   2:17 
Patrick Mullen           0  0  0   0  0   1  0  5  0  0  0/0    27:03   3:24   3:19 
Pierre-Cedric Labrie     0  0  0   0  0   4  3  1  4  0  0/0    18:12   2:29   0:00 
Wade Megan               0  0  0   0  0   3  2  0  1  0  4/10   16:39   0:48   0:00 

3 Stars

1 - Brad Thiessen (NOR)
2 - Johan Gustafsson (MIL)
3 - Carter Ashton (NOR)

Power Play

Admirals - 1 on 4 Attempt(s) - 25.00%
Admirals NSH - 0 on 3 Attempt(s) - 0.00%

Penalty Kill

Admirals - 3 on 3 Attempt(s) - 100.00% - Score 0 goal in Penalty Kill
Admirals NSH - 3 on 4 Attempt(s) - 75.00% - Score 0 goal in Penalty Kill

Official

Referees : Unknown
Linesman : Unknown

Game Notes

No Game Note

Finance

Level 1 -- Attendance: 1549 (77.45%) -- Ticket Income $54,215
Level 2 -- Attendance: 790 (79.00%) -- Ticket Income $11,850
Total Attendance: 2339 (77.97%)
Total Ticket Income: $66,065
Other Income: $32,372
Total Income: $98,437

Admirals

5 vs 5 Forward 
   Center                   Left Wing                Right Wing               Time % Phy DF OF 
 1 Keith Aucoin             Jonathan Marchessault    Jerry D'Amigo            35     1   2  2  
 2 Mike Zigomanis           Jean-Gabriel Pageau      Carter Ashton            30     1   2  2  
 3 Carter Camper            Darryl Boyce             Mike Sislo               22     1   2  2  
 4 Ryan Bourque             Jonathan Marchessault    Keith Aucoin             13     1   2  2  

5 vs 5 Defense 
   Defense                  Defense                                           Time % Phy DF OF 
 1 Alex Grant               Bryan Rodney                                      35     1   2  2  
 2 Cade Fairchild           Scott Ford                                        30     1   2  2  
 3 Alex Grant               Farm Player2                                      22     1   2  2  
 4 Alex Grant               Bryan Rodney                                      13     1   2  2  

PowerPlay Forward 
   Center                   Left Wing                Right Wing               Time % Phy DF OF 
 1 Keith Aucoin             Jonathan Marchessault    Jerry D'Amigo            60     1   2  2  
 2 Mike Zigomanis           Carter Camper            Carter Ashton            40     1   2  2  

PowerPlay Defense
   Defense                  Defense                                           Time % Phy DF OF 
 1 Alex Grant               Bryan Rodney                                      60     1   2  2  
 2 Cade Fairchild           Scott Ford                                        40     1   2  2  

Penalty Kill 4 Players Forward 
   Center                   Wing                     Time % Phy DF OF 
 1 Jonathan Marchessault    Keith Aucoin             60     1   2  2  
 2 Mike Zigomanis           Jerry D'Amigo            40     1   2  2  

Penalty Kill 4 Players Defense
   Defense                  Defense                  Time % Phy DF OF 
 1 Alex Grant               Bryan Rodney             60     1   2  2  
 2 Cade Fairchild           Scott Ford               40     1   2  2  

Penalty Kill - 3 Players Forward 
   Forward                                           Time % Phy DF OF 
 1 Jonathan Marchessault                             60     1   2  2  
 2 Keith Aucoin                                      40     1   2  2  

Penalty Kill - 3 Players Defense
   Defense                  Defense                  Time % Phy DF OF 
 1 Alex Grant               Bryan Rodney             60     1   2  2  
 2 Cade Fairchild           Scott Ford               40     1   2  2  

4 vs 4 Forward 
   Center                   Wing                     Time % Phy DF OF 
 1 Jonathan Marchessault    Keith Aucoin             60     1   2  2  
 2 Mike Zigomanis           Jerry D'Amigo            40     1   2  2  

4 vs 4 Defense
   Defense                  Defense                  Time % Phy DF OF 
 1 Alex Grant               Bryan Rodney             60     1   2  2  
 2 Cade Fairchild           Scott Ford               40     1   2  2  

Last Minutes Offensive
   Center                   Left Wing                Right Wing               Defense                  Defense                  
   Keith Aucoin             Jonathan Marchessault    Jerry D'Amigo            Alex Grant               Bryan Rodney             

Last Minutes Defensive
   Center                   Left Wing                Right Wing               Defense                  Defense                  
   Keith Aucoin             Jonathan Marchessault    Jerry D'Amigo            Alex Grant               Bryan Rodney             

Goaltenders
Starting : Brad Thiessen            
Backup : David LeNeveu            

Extra Forwards
Normal : Carter Camper, Darryl Boyce, Ryan Bourque - PP : Carter Camper, Darryl Boyce - PK : Ryan Bourque
Extra Defensemen
Normal : Alex Grant, Farm Player2, Cade Fairchild - PP : Alex Grant - PK : Farm Player2, Cade Fairchild
Penalty Shots
Jonathan Marchessault, Keith Aucoin, Mike Zigomanis, Jerry D'Amigo, Carter Camper

Admirals NSH

5 vs 5 Forward 
   Center                   Left Wing                Right Wing               Time % Phy DF OF 
 1 Adam Cracknell           Frazer McLaren           Corey Tropp              29     1   2  2  
 2 Brody Sutter             Pierre-Cedric Labrie     Jamie Tardif             28     1   2  2  
 3 Wade Megan               Marcel Noebels           Farm Player70            22     1   2  2  
 4 Corey Tropp              Lane MacDermid           Farm Player71            21     1   2  2  

5 vs 5 Defense 
   Defense                  Defense                                           Time % Phy DF OF 
 1 Fredrik Claesson         Patrick Mullen                                    35     1   2  2  
 2 Nikita Nesterov          Jyrki Jokipakka                                   30     1   2  2  
 3 Alexey Marchenko         Cameron Schilling                                 22     1   2  2  
 4 Patrick Mullen           Fredrik Claesson                                  13     1   2  2  

PowerPlay Forward 
   Center                   Left Wing                Right Wing               Time % Phy DF OF 
 1 Adam Cracknell           Frazer McLaren           Corey Tropp              60     1   2  2  
 2 Brody Sutter             Pierre-Cedric Labrie     Jamie Tardif             40     1   2  2  

PowerPlay Defense
   Defense                  Defense                                           Time % Phy DF OF 
 1 Fredrik Claesson         Patrick Mullen                                    60     1   2  2  
 2 Nikita Nesterov          Alexey Marchenko                                  40     1   2  2  

Penalty Kill 4 Players Forward 
   Center                   Wing                     Time % Phy DF OF 
 1 Corey Tropp              Adam Cracknell           60     1   2  2  
 2 Brody Sutter             Frazer McLaren           40     1   2  2  

Penalty Kill 4 Players Defense
   Defense                  Defense                  Time % Phy DF OF 
 1 Fredrik Claesson         Patrick Mullen           60     1   2  2  
 2 Nikita Nesterov          Cameron Schilling        40     1   2  2  

Penalty Kill - 3 Players Forward 
   Forward                                           Time % Phy DF OF 
 1 Corey Tropp                                       60     1   2  2  
 2 Adam Cracknell                                    40     1   2  2  

Penalty Kill - 3 Players Defense
   Defense                  Defense                  Time % Phy DF OF 
 1 Fredrik Claesson         Patrick Mullen           60     1   2  2  
 2 Nikita Nesterov          Cameron Schilling        40     1   2  2  

4 vs 4 Forward 
   Center                   Wing                     Time % Phy DF OF 
 1 Corey Tropp              Adam Cracknell           60     1   2  2  
 2 Brody Sutter             Frazer McLaren           40     1   2  2  

4 vs 4 Defense
   Defense                  Defense                  Time % Phy DF OF 
 1 Fredrik Claesson         Patrick Mullen           60     1   2  2  
 2 Nikita Nesterov          Alexey Marchenko         40     1   2  2  

Last Minutes Offensive
   Center                   Left Wing                Right Wing               Defense                  Defense                  
   Adam Cracknell           Frazer McLaren           Corey Tropp              Fredrik Claesson         Patrick Mullen           

Last Minutes Defensive
   Center                   Left Wing                Right Wing               Defense                  Defense                  
   Adam Cracknell           Frazer McLaren           Corey Tropp              Fredrik Claesson         Patrick Mullen           

Goaltenders
Starting : Johan Gustafsson         
Backup : Jeremy Smith             

Extra Forwards
Normal : Wade Megan, Marcel Noebels, Lane MacDermid - PP : Wade Megan, Marcel Noebels - PK : Lane MacDermid
Extra Defensemen
Normal : Alexey Marchenko, Cameron Schilling, Patrick Mullen - PP : Alexey Marchenko - PK : Cameron Schilling, Fredrik Claesson
Penalty Shots
Corey Tropp, Adam Cracknell, Brody Sutter, Frazer McLaren, Pierre-Cedric Labrie

% Time on Ice - Admirals

Lines # - Real PCT - Wanted PCT - Time Play
Normal Forward
1 - 25% - 35% - 12:17
2 - 33% - 30% - 16:13
3 - 32% - 22% - 15:16
4 - 10% - 13% - 4:41
Normal Defense
1 - 28% - 35% - 13:37
2 - 44% - 30% - 21:10
3 - 24% - 22% - 11:32
4 - 4% - 13% - 2:08
PP Forward
1 - 52% - 60% - 2:55
2 - 48% - 40% - 2:41
PP Defense
1 - 74% - 60% - 4:07
2 - 26% - 40% - 1:29
PK Forward
1 - 93% - 60% - 5:33
2 - 7% - 40% - 0:24
PK Defense
1 - 74% - 60% - 4:23
2 - 26% - 40% - 1:34
PK3 Forward
1 - 0% - 60%
2 - 0% - 40%
PK3 Defense
1 - 0% - 60%
2 - 0% - 40%
44 Forward
1 - 79% - 60% - 3:56
2 - 21% - 40% - 1:04
44 Defense
1 - 54% - 60% - 2:42
2 - 46% - 40% - 2:18
Last Minute Offensive  - 0:00
Last Minute Defensive  - 0:00
Total
Forward - 65:00
Defense - 65:00

% Time on Ice - Admirals NSH

Lines # - Real PCT - Wanted PCT - Time Play
Normal Forward
1 - 21% - 29% - 10:17
2 - 32% - 28% - 15:43
3 - 28% - 22% - 13:39
4 - 18% - 21% - 8:48
Normal Defense
1 - 32% - 35% - 15:24
2 - 35% - 30% - 17:11
3 - 28% - 22% - 13:43
4 - 4% - 13% - 2:09
PP Forward
1 - 58% - 60% - 3:28
2 - 42% - 40% - 2:29
PP Defense
1 - 57% - 60% - 3:24
2 - 43% - 40% - 2:33
PK Forward
1 - 100% - 60% - 4:16
2 - 0% - 40% - 0:00
PK Defense
1 - 53% - 60% - 2:15
2 - 47% - 40% - 2:01
PK3 Forward
1 - 100% - 60% - 1:20
2 - 0% - 40% - 0:00
PK3 Defense
1 - 80% - 60% - 1:04
2 - 20% - 40% - 0:16
44 Forward
1 - 87% - 60% - 4:20
2 - 13% - 40% - 0:40
44 Defense
1 - 56% - 60% - 2:47
2 - 44% - 40% - 2:13
Last Minute Offensive  - 0:00
Last Minute Defensive  - 0:00
Total
Forward - 65:00
Defense - 65:00

Play by Play

1st period


0:01 of 1st period - Adam Cracknell wins face-off versus Keith Aucoin in neutral zone.
0:23 of 1st period - Slapshot by Keith Aucoin.
0:23 of 1st period - Deflect By Jonathan Marchessault.
0:23 of 1st period - Shot Blocked by Patrick Mullen.
0:23 of 1st period - Puck is out of play.
0:24 of 1st period - Mike Zigomanis wins face-off versus Brody Sutter in Admirals NSH zone.
0:31 of 1st period - Snap shot by Carter Ashton.
0:31 of 1st period - Shot Hit the Post.
0:57 of 1st period - Snap shot by Brody Sutter.
0:57 of 1st period - Stopped by Brad Thiessen with a rebound.
1:13 of 1st period - Cade Fairchild is hit by Wade Megan.
1:35 of 1st period - Darryl Boyce is hit by Jyrki Jokipakka and loses puck.
2:02 of 1st period - Snap shot by Jerry D'Amigo.
2:02 of 1st period - Deflect By Jonathan Marchessault.
2:02 of 1st period - Shot Blocked by Alexey Marchenko.
2:02 of 1st period - Puck is out of play.
2:03 of 1st period - Corey Tropp wins face-off versus Keith Aucoin in Admirals NSH zone.
2:46 of 1st period - Patrick Mullen is hit by Carter Ashton and loses puck.
2:55 of 1st period - Snap shot by Pierre-Cedric Labrie.
2:55 of 1st period - Stopped by Brad Thiessen with a rebound.
3:01 of 1st period - Brody Sutter is hit by Alex Grant.
3:07 of 1st period - Slapshot by Jamie Tardif.
3:07 of 1st period - Shot Misses the Net.
3:09 of 1st period - Snap shot by Brody Sutter.
3:09 of 1st period - Stopped by Brad Thiessen with a rebound.
3:11 of 1st period - Slapshot by Jamie Tardif.
3:11 of 1st period - Deflect By Pierre-Cedric Labrie.
3:11 of 1st period - Shot Misses the Net.
3:11 of 1st period - Puck is out of play.
3:12 of 1st period - Wade Megan wins face-off versus Carter Camper in Admirals zone.
5:48 of 1st period - Off-side.
5:49 of 1st period - Mike Zigomanis wins face-off versus Wade Megan in neutral zone.
6:46 of 1st period - Wrist shot by Jamie Tardif.
6:46 of 1st period - Shot Blocked by Alex Grant.
8:00 of 1st period - Wrist shot by Corey Tropp.
8:00 of 1st period - Stopped by Brad Thiessen with a rebound.
8:02 of 1st period - Wrist shot by Nikita Nesterov.
8:02 of 1st period - Stopped by Brad Thiessen with a rebound.
8:04 of 1st period - Snap shot by Jyrki Jokipakka.
8:04 of 1st period - Stopped by Brad Thiessen without a rebound.
8:05 of 1st period - Corey Tropp wins face-off versus Keith Aucoin in Admirals zone.
8:08 of 1st period - Slapshot by Lane MacDermid.
8:08 of 1st period - Shot Misses the Net.
8:10 of 1st period - Slapshot by Nikita Nesterov.
8:10 of 1st period - Shot Misses the Net.
8:26 of 1st period - Nikita Nesterov is hit by Keith Aucoin and loses puck.
9:00 of 1st period - Icing by Jean-Gabriel Pageau.
9:01 of 1st period - Mike Zigomanis wins face-off versus Adam Cracknell in Admirals zone.
9:18 of 1st period - Slapshot by Mike Sislo.
9:18 of 1st period - Shot Blocked by Fredrik Claesson.
9:20 of 1st period - Wrist shot by Carter Camper.
9:20 of 1st period - Shot Misses the Net.
9:22 of 1st period - Wrist shot by Mike Sislo.
9:22 of 1st period - Shot Misses the Net.
10:23 of 1st period - Off-side.
10:24 of 1st period - Mike Zigomanis wins face-off versus Wade Megan in neutral zone.
10:35 of 1st period - Cameron Schilling is hit by Mike Zigomanis and loses puck.
11:51 of 1st period - Snap shot by Carter Ashton.
11:51 of 1st period - Shot Misses the Net.
12:46 of 1st period - Jonathan Marchessault is hit by Adam Cracknell.
12:50 of 1st period - Patrick Mullen is hit by Jonathan Marchessault and loses puck.
13:03 of 1st period - Wrist shot by Wade Megan.
13:03 of 1st period - Stopped by Brad Thiessen with a rebound.
13:32 of 1st period - Jyrki Jokipakka is hit by Mike Zigomanis and loses puck.
14:16 of 1st period - Alexey Marchenko is hit by Bryan Rodney and loses puck.
14:43 of 1st period - Wade Megan is hit by Ryan Bourque and loses puck.
15:05 of 1st period - Jamie Tardif is hit by Alex Grant and loses puck.
15:34 of 1st period - Jean-Gabriel Pageau is hit by Farm Player71.
15:56 of 1st period - Scott Ford is hit by Fredrik Claesson and loses puck.
16:22 of 1st period - Icing by Cade Fairchild.
16:23 of 1st period - Brody Sutter wins face-off versus Ryan Bourque in Admirals zone.
16:26 of 1st period - Wrist shot by Brody Sutter.
16:26 of 1st period - Shot Misses the Net.
16:28 of 1st period - Snap shot by Jamie Tardif.
16:28 of 1st period - Stopped by Brad Thiessen without a rebound.
16:29 of 1st period - Brody Sutter wins face-off versus Ryan Bourque in Admirals zone.
17:39 of 1st period - Slapshot by Jonathan Marchessault.
17:39 of 1st period - Stopped by Johan Gustafsson without a rebound.
17:40 of 1st period - Brody Sutter wins face-off versus Keith Aucoin in Admirals NSH zone.
18:13 of 1st period - Carter Camper is hit by Frazer McLaren and loses puck.
18:18 of 1st period - Wrist shot by Corey Tropp.
18:18 of 1st period - Stopped by Brad Thiessen without a rebound.
18:19 of 1st period - Adam Cracknell wins face-off versus Carter Camper in Admirals zone.
18:51 of 1st period - Slapshot by Mike Zigomanis.
18:51 of 1st period - Stopped by Johan Gustafsson with a rebound.
Goals for this period are 0 for Admirals vs 0 for Admirals NSH.
Shots for this period are 2 for Admirals vs 9 for Admirals NSH.

2nd period


0:01 of 2nd period - Adam Cracknell wins face-off versus Keith Aucoin in neutral zone.
0:43 of 2nd period - Minor Penalty to Frazer McLaren for Tripping.
0:44 of 2nd period - Mike Zigomanis wins face-off versus Corey Tropp in Admirals NSH zone.
0:59 of 2nd period - Slapshot by Carter Ashton.
0:59 of 2nd period - Stopped by Johan Gustafsson with a rebound.
1:22 of 2nd period - Minor Penalty to Adam Cracknell for Interference.
1:23 of 2nd period - Keith Aucoin wins face-off versus Corey Tropp in Admirals NSH zone.
1:27 of 2nd period - Wrist shot by Jerry D'Amigo.
1:27 of 2nd period - Shot Misses the Net.
1:31 of 2nd period - Snap shot by Jerry D'Amigo.
1:31 of 2nd period - Shot Blocked by Corey Tropp.
1:41 of 2nd period - Snap shot by Jerry D'Amigo.
1:41 of 2nd period - Shot Misses the Net.
1:43 of 2nd period - Snap shot by Jonathan Marchessault.
1:43 of 2nd period - Stopped by Johan Gustafsson with a rebound.
1:45 of 2nd period - Slapshot by Alex Grant.
1:45 of 2nd period - Stopped by Johan Gustafsson with a rebound.
1:47 of 2nd period - Snap shot by Jerry D'Amigo.
1:47 of 2nd period - Deflect By Jonathan Marchessault.
1:47 of 2nd period - Stopped by Johan Gustafsson without a rebound.
1:48 of 2nd period - Mike Zigomanis wins face-off versus Corey Tropp in Admirals NSH zone.
2:43 of 2nd period - Penalty to Frazer McLaren is over, Frazer McLaren is back on ice.
3:22 of 2nd period - Penalty to Adam Cracknell is over, Adam Cracknell is back on ice.
3:24 of 2nd period - Farm Player70 is hit by Jerry D'Amigo and loses puck.
4:11 of 2nd period - Snap shot by Brody Sutter.
4:11 of 2nd period - Stopped by Brad Thiessen with a rebound.
4:13 of 2nd period - Slapshot by Jamie Tardif.
4:13 of 2nd period - Shot Blocked by Cade Fairchild.
4:15 of 2nd period - Slapshot by Jyrki Jokipakka.
4:15 of 2nd period - Stopped by Brad Thiessen with a rebound.
4:17 of 2nd period - Wrist shot by Pierre-Cedric Labrie.
4:17 of 2nd period - Stopped by Brad Thiessen with a rebound.
4:19 of 2nd period - Snap shot by Jamie Tardif.
4:19 of 2nd period - Shot Blocked by Darryl Boyce.
4:21 of 2nd period - Slapshot by Jyrki Jokipakka.
4:21 of 2nd period - Stopped by Brad Thiessen with a rebound.
4:23 of 2nd period - Slapshot by Jamie Tardif.
4:23 of 2nd period - Shot Misses the Net.
4:25 of 2nd period - Snap shot by Jyrki Jokipakka.
4:25 of 2nd period - Shot Misses the Net.
4:31 of 2nd period - Minor Penalty to Darryl Boyce for Charging.
4:32 of 2nd period - Jonathan Marchessault wins face-off versus Adam Cracknell in Admirals zone.
4:43 of 2nd period - Snap shot by Frazer McLaren.
4:43 of 2nd period - Shot Misses the Net.
4:45 of 2nd period - Snap shot by Adam Cracknell.
4:45 of 2nd period - Shot Misses the Net.
4:47 of 2nd period - Slapshot by Frazer McLaren.
4:47 of 2nd period - Shot Blocked by Alex Grant.
4:51 of 2nd period - Snap shot by Frazer McLaren.
4:51 of 2nd period - Shot Misses the Net.
5:05 of 2nd period - Jonathan Marchessault is hit by Pierre-Cedric Labrie and loses puck.
5:34 of 2nd period - Jonathan Marchessault is hit by Frazer McLaren and loses puck.
5:41 of 2nd period - Wrist shot by Frazer McLaren.
5:41 of 2nd period - Stopped by Brad Thiessen with a rebound.
5:51 of 2nd period - Wrist shot by Pierre-Cedric Labrie.
5:51 of 2nd period - Shot Misses the Net.
5:59 of 2nd period - Snap shot by Brody Sutter.
5:59 of 2nd period - Shot Misses the Net.
6:01 of 2nd period - Snap shot by Brody Sutter.
6:01 of 2nd period - Shot Misses the Net.
6:31 of 2nd period - Penalty to Darryl Boyce is over, Darryl Boyce is back on ice.
7:05 of 2nd period - Wrist shot by Marcel Noebels.
7:05 of 2nd period - Shot Hit the Post.
7:41 of 2nd period - Darryl Boyce is hit by Corey Tropp and loses puck.
8:32 of 2nd period - Snap shot by Darryl Boyce.
8:32 of 2nd period - Deflect By Mike Sislo.
8:32 of 2nd period - Shot Hit the Post.
8:32 of 2nd period - Puck is out of play.
8:33 of 2nd period - Lane MacDermid wins face-off versus Carter Camper in Admirals NSH zone.
9:05 of 2nd period - Brody Sutter is hit by Alex Grant and loses puck.
9:54 of 2nd period - Snap shot by Wade Megan.
9:54 of 2nd period - Stopped by Brad Thiessen without a rebound.
9:55 of 2nd period - Wade Megan wins face-off versus Mike Zigomanis in Admirals zone.
10:00 of 2nd period - Wrist shot by Marcel Noebels.
10:00 of 2nd period - Shot Misses the Net.
10:02 of 2nd period - Slapshot by Wade Megan.
10:02 of 2nd period - Shot Misses the Net.
11:58 of 2nd period - Minor Penalty to Farm Player70 for Hooking.
11:59 of 2nd period - Keith Aucoin wins face-off versus Corey Tropp in Admirals NSH zone.
12:03 of 2nd period - Wrist shot by Keith Aucoin.
12:03 of 2nd period - Shot Misses the Net.
12:35 of 2nd period - Snap shot by Keith Aucoin.
12:35 of 2nd period - Shot Misses the Net.
12:37 of 2nd period - Slapshot by Scott Ford.
12:37 of 2nd period - Shot Blocked by Fredrik Claesson.
12:55 of 2nd period - Snap shot by Carter Ashton.
12:55 of 2nd period - Stopped by Johan Gustafsson with a rebound.
12:57 of 2nd period - Wrist shot by Carter Ashton.
12:57 of 2nd period - Goal by Carter Ashton - Admirals : 1 - Admirals NSH : 0.
12:58 of 2nd period - Carter Camper wins face-off versus Wade Megan in neutral zone.
13:13 of 2nd period - Mike Sislo is hit by Marcel Noebels.
13:48 of 2nd period - Scott Ford is hit by Jamie Tardif and loses puck.
13:59 of 2nd period - Wrist shot by Brody Sutter.
13:59 of 2nd period - Stopped by Brad Thiessen with a rebound.
14:01 of 2nd period - Wrist shot by Brody Sutter.
14:01 of 2nd period - Stopped by Brad Thiessen without a rebound.
14:02 of 2nd period - Corey Tropp wins face-off versus Keith Aucoin in Admirals zone.
14:26 of 2nd period - Wrist shot by Lane MacDermid.
14:26 of 2nd period - Goal by Lane MacDermid - Admirals : 1 - Admirals NSH : 1.
14:27 of 2nd period - Mike Zigomanis wins face-off versus Wade Megan in neutral zone.
14:32 of 2nd period - Marcel Noebels is hit by Carter Ashton and loses puck.
14:41 of 2nd period - Backhand shot by Jean-Gabriel Pageau.
14:41 of 2nd period - Deflect By Mike Zigomanis.
14:41 of 2nd period - Shot Blocked by Patrick Mullen.
14:41 of 2nd period - Puck is out of play.
14:42 of 2nd period - Wade Megan wins face-off versus Mike Zigomanis in Admirals NSH zone.
14:53 of 2nd period - Snap shot by Marcel Noebels.
14:53 of 2nd period - Stopped by Brad Thiessen with a rebound.
15:05 of 2nd period - Fredrik Claesson is hit by Jean-Gabriel Pageau and loses puck.
15:09 of 2nd period - Icing by Wade Megan.
15:10 of 2nd period - Keith Aucoin wins face-off versus Wade Megan in Admirals NSH zone.
15:35 of 2nd period - Snap shot by Corey Tropp.
15:35 of 2nd period - Stopped by Brad Thiessen without a rebound.
15:36 of 2nd period - Carter Camper wins face-off versus Adam Cracknell in Admirals zone.
15:49 of 2nd period - Wrist shot by Mike Sislo.
15:49 of 2nd period - Stopped by Johan Gustafsson with a rebound.
16:34 of 2nd period - Brody Sutter is hit by Jean-Gabriel Pageau and loses puck.
16:41 of 2nd period - Carter Ashton is hit by Brody Sutter and loses puck.
17:18 of 2nd period - Keith Aucoin is hit by Wade Megan and loses puck.
17:27 of 2nd period - Snap shot by Marcel Noebels.
17:27 of 2nd period - Stopped by Brad Thiessen without a rebound.
17:28 of 2nd period - Keith Aucoin wins face-off versus Corey Tropp in Admirals zone.
17:47 of 2nd period - Alexey Marchenko is hit by Scott Ford and loses puck.
18:06 of 2nd period - Marcel Noebels is hit by Jerry D'Amigo and loses puck.
18:13 of 2nd period - Keith Aucoin is hit by Marcel Noebels and loses puck.
18:40 of 2nd period - Slapshot by Jamie Tardif.
18:40 of 2nd period - Stopped by Brad Thiessen without a rebound.
18:41 of 2nd period - Jamie Tardif wins face-off versus Carter Camper in Admirals zone.
18:48 of 2nd period - Slapshot by Jamie Tardif.
18:48 of 2nd period - Stopped by Brad Thiessen without a rebound.
18:49 of 2nd period - Darryl Boyce wins face-off versus Brody Sutter in Admirals zone.
18:58 of 2nd period - Snap shot by Pierre-Cedric Labrie.
18:58 of 2nd period - Stopped by Brad Thiessen without a rebound.
18:59 of 2nd period - Adam Cracknell wins face-off versus Carter Camper in Admirals zone.
Goals for this period are 1 for Admirals vs 1 for Admirals NSH.
Shots for this period are 7 for Admirals vs 15 for Admirals NSH.

3rd period


0:01 of 3rd period - Adam Cracknell wins face-off versus Jerry D'Amigo in neutral zone.
0:26 of 3rd period - Wrist shot by Keith Aucoin.
0:26 of 3rd period - Shot Blocked by Patrick Mullen.
0:31 of 3rd period - Off-side.
0:32 of 3rd period - Mike Zigomanis wins face-off versus Brody Sutter in neutral zone.
0:35 of 3rd period - Wrist shot by Carter Ashton.
0:35 of 3rd period - Stopped by Johan Gustafsson without a rebound.
0:36 of 3rd period - Brody Sutter wins face-off versus Mike Zigomanis in Admirals NSH zone.
0:36 of 3rd period - Brody Sutter is hit by Mike Zigomanis.
0:50 of 3rd period - Wrist shot by Jean-Gabriel Pageau.
0:50 of 3rd period - Shot Blocked by Jamie Tardif.
1:06 of 3rd period - Minor Penalty to Scott Ford for Hooking.
1:07 of 3rd period - Jonathan Marchessault wins face-off versus Adam Cracknell in Admirals zone.
1:07 of 3rd period - Jonathan Marchessault is hit by Frazer McLaren.
1:32 of 3rd period - Wrist shot by Corey Tropp.
1:32 of 3rd period - Stopped by Brad Thiessen without a rebound.
1:33 of 3rd period - Brody Sutter wins face-off versus Jonathan Marchessault in Admirals zone.
1:50 of 3rd period - Wrist shot by Jamie Tardif.
1:50 of 3rd period - Stopped by Brad Thiessen without a rebound.
1:51 of 3rd period - Brody Sutter wins face-off versus Jonathan Marchessault in Admirals zone.
2:05 of 3rd period - Wrist shot by Jamie Tardif.
2:05 of 3rd period - Shot Misses the Net.
2:29 of 3rd period - Nikita Nesterov is hit by Alex Grant and loses puck.
3:06 of 3rd period - Penalty to Scott Ford is over, Scott Ford is back on ice.
3:17 of 3rd period - Carter Ashton is hit by Pierre-Cedric Labrie and loses puck.
3:36 of 3rd period - Snap shot by Carter Ashton.
3:36 of 3rd period - Shot Misses the Net.
3:38 of 3rd period - Backhand shot by Carter Ashton.
3:38 of 3rd period - Shot Misses the Net.
3:40 of 3rd period - Snap shot by Cade Fairchild.
3:40 of 3rd period - Stopped by Johan Gustafsson with a rebound.
4:10 of 3rd period - Wrist shot by Mike Sislo.
4:10 of 3rd period - Stopped by Johan Gustafsson with a rebound.
4:14 of 3rd period - Wrist shot by Mike Sislo.
4:14 of 3rd period - Shot Misses the Net.
4:16 of 3rd period - Wrist shot by Mike Sislo.
4:16 of 3rd period - Stopped by Johan Gustafsson with a rebound.
4:18 of 3rd period - Wrist shot by Carter Camper.
4:18 of 3rd period - Shot Misses the Net.
4:20 of 3rd period - Snap shot by Darryl Boyce.
4:20 of 3rd period - Shot Blocked by Alexey Marchenko.
4:22 of 3rd period - Wrist shot by Darryl Boyce.
4:22 of 3rd period - Deflect By Carter Camper.
4:22 of 3rd period - Shot Blocked by Alexey Marchenko.
4:22 of 3rd period - Puck is out of play.
4:23 of 3rd period - Mike Zigomanis wins face-off versus Wade Megan in Admirals NSH zone.
4:59 of 3rd period - Slapshot by Fredrik Claesson.
4:59 of 3rd period - Shot Misses the Net.
5:13 of 3rd period - Minor Penalty to Frazer McLaren for Roughing.
5:14 of 3rd period - Keith Aucoin wins face-off versus Corey Tropp in Admirals NSH zone.
5:17 of 3rd period - Snap shot by Jerry D'Amigo.
5:17 of 3rd period - Stopped by Johan Gustafsson with a rebound.
7:12 of 3rd period - Slapshot by Patrick Mullen.
7:12 of 3rd period - Shot Misses the Net.
7:13 of 3rd period - Penalty to Frazer McLaren is over, Frazer McLaren is back on ice.
8:09 of 3rd period - Wrist shot by Keith Aucoin.
8:09 of 3rd period - Stopped by Johan Gustafsson without a rebound.
8:10 of 3rd period - Brody Sutter wins face-off versus Ryan Bourque in Admirals NSH zone.
8:29 of 3rd period - Snap shot by Pierre-Cedric Labrie.
8:29 of 3rd period - Stopped by Brad Thiessen without a rebound.
8:30 of 3rd period - Brody Sutter wins face-off versus Darryl Boyce in Admirals zone.
8:39 of 3rd period - Mike Sislo is hit by Brody Sutter and loses puck.
10:27 of 3rd period - Snap shot by Jean-Gabriel Pageau.
10:27 of 3rd period - Shot Blocked by Fredrik Claesson.
10:29 of 3rd period - Snap shot by Mike Zigomanis.
10:29 of 3rd period - Shot Blocked by Fredrik Claesson.
10:31 of 3rd period - Snap shot by Mike Zigomanis.
10:31 of 3rd period - Stopped by Johan Gustafsson with a rebound.
10:33 of 3rd period - Slapshot by Cade Fairchild.
10:33 of 3rd period - Stopped by Johan Gustafsson with a rebound.
10:35 of 3rd period - Snap shot by Mike Zigomanis.
10:35 of 3rd period - Shot Blocked by Pierre-Cedric Labrie.
10:37 of 3rd period - Wrist shot by Jean-Gabriel Pageau.
10:37 of 3rd period - Stopped by Johan Gustafsson with a rebound.
10:49 of 3rd period - Snap shot by Jonathan Marchessault.
10:49 of 3rd period - Shot Blocked by Patrick Mullen.
11:09 of 3rd period - Jean-Gabriel Pageau is hit by Jamie Tardif and loses puck.
11:51 of 3rd period - Minor Penalty to Cade Fairchild for Hooking.
11:52 of 3rd period - Corey Tropp wins face-off versus Jonathan Marchessault in Admirals zone.
12:10 of 3rd period - Wrist shot by Corey Tropp.
12:10 of 3rd period - Shot Misses the Net.
12:31 of 3rd period - Patrick Mullen is hit by Alex Grant and loses puck.
12:57 of 3rd period - Jamie Tardif is hit by Ryan Bourque and loses puck.
13:14 of 3rd period - Backhand shot by Frazer McLaren.
13:14 of 3rd period - Shot Misses the Net.
13:16 of 3rd period - Slapshot by Nikita Nesterov.
13:16 of 3rd period - Shot Misses the Net.
13:20 of 3rd period - Wrist shot by Wade Megan.
13:20 of 3rd period - Stopped by Brad Thiessen with a rebound.
13:22 of 3rd period - Backhand shot by Fredrik Claesson.
13:22 of 3rd period - Shot Blocked by Alex Grant.
13:42 of 3rd period - Scott Ford is hit by Brody Sutter and loses puck.
13:51 of 3rd period - Penalty to Cade Fairchild is over, Cade Fairchild is back on ice.
13:53 of 3rd period - Cade Fairchild is hit by Adam Cracknell and loses puck.
14:01 of 3rd period - Slapshot by Carter Camper.
14:01 of 3rd period - Stopped by Johan Gustafsson without a rebound.
14:02 of 3rd period - Adam Cracknell wins face-off versus Carter Camper in Admirals NSH zone.
14:02 of 3rd period - Adam Cracknell is hit by Darryl Boyce.
14:46 of 3rd period - Carter Camper is hit by Corey Tropp and loses puck.
15:16 of 3rd period - Wrist shot by Marcel Noebels.
15:16 of 3rd period - Stopped by Brad Thiessen with a rebound.
15:18 of 3rd period - Wrist shot by Wade Megan.
15:18 of 3rd period - Deflect By Marcel Noebels.
15:18 of 3rd period - Shot Blocked by Darryl Boyce.
15:18 of 3rd period - Puck is out of play.
15:19 of 3rd period - Wade Megan wins face-off versus Mike Zigomanis in Admirals zone.
15:50 of 3rd period - Snap shot by Pierre-Cedric Labrie.
15:50 of 3rd period - Shot Blocked by Alex Grant.
16:44 of 3rd period - Slapshot by Jyrki Jokipakka.
16:44 of 3rd period - Deflect By Jonathan Marchessault.
16:44 of 3rd period - Stopped by Brad Thiessen with a rebound.
17:24 of 3rd period - Alexey Marchenko is hit by Jean-Gabriel Pageau and loses puck.
18:10 of 3rd period - Wrist shot by Carter Camper.
18:10 of 3rd period - Stopped by Johan Gustafsson with a rebound.
19:16 of 3rd period - Darryl Boyce is hit by Pierre-Cedric Labrie and loses puck.
19:59 of 3rd period - Snap shot by Carter Ashton.
19:59 of 3rd period - Stopped by Johan Gustafsson with a rebound.
Goals for this period are 0 for Admirals vs 0 for Admirals NSH.
Shots for this period are 12 for Admirals vs 6 for Admirals NSH.

Overtime #1


0:01 of 1st overtime period - Jonathan Marchessault wins face-off versus Corey Tropp in neutral zone.
0:04 of 1st overtime period - Wrist shot by Jonathan Marchessault.
0:04 of 1st overtime period - Deflect By Keith Aucoin.
0:04 of 1st overtime period - Shot Blocked by Fredrik Claesson.
0:04 of 1st overtime period - Puck is out of play.
0:05 of 1st overtime period - Jonathan Marchessault wins face-off versus Corey Tropp in Admirals NSH zone.
0:24 of 1st overtime period - Wrist shot by Keith Aucoin.
0:24 of 1st overtime period - Shot Blocked by Patrick Mullen.
1:04 of 1st overtime period - Keith Aucoin is hit by Adam Cracknell and loses puck.
2:44 of 1st overtime period - Backhand shot by Marcel Noebels.
2:44 of 1st overtime period - Shot Hit the Post.
2:46 of 1st overtime period - Wrist shot by Marcel Noebels.
2:46 of 1st overtime period - Stopped by Brad Thiessen with a rebound.
2:48 of 1st overtime period - Slapshot by Patrick Mullen.
2:48 of 1st overtime period - Stopped by Brad Thiessen with a rebound.
2:50 of 1st overtime period - Slapshot by Marcel Noebels.
2:50 of 1st overtime period - Shot Misses the Net.
3:17 of 1st overtime period - Snap shot by Darryl Boyce.
3:17 of 1st overtime period - Shot Blocked by Alexey Marchenko.
3:19 of 1st overtime period - Wrist shot by Carter Camper.
3:19 of 1st overtime period - Shot Misses the Net.
3:21 of 1st overtime period - Snap shot by Darryl Boyce.
3:21 of 1st overtime period - Shot Misses the Net.
3:23 of 1st overtime period - Slapshot by Cade Fairchild.
3:23 of 1st overtime period - Deflect By Alexey Marchenko.
3:23 of 1st overtime period - Stopped by Johan Gustafsson with a rebound.
3:25 of 1st overtime period - Slapshot by Darryl Boyce.
3:25 of 1st overtime period - Shot Misses the Net.
3:27 of 1st overtime period - Slapshot by Cade Fairchild.
3:27 of 1st overtime period - Shot Blocked by Nikita Nesterov.
3:29 of 1st overtime period - Snap shot by Carter Camper.
3:29 of 1st overtime period - Stopped by Johan Gustafsson without a rebound.
3:30 of 1st overtime period - Jonathan Marchessault wins face-off versus Corey Tropp in Admirals NSH zone.
4:05 of 1st overtime period - Patrick Mullen is hit by Bryan Rodney and loses puck.
4:57 of 1st overtime period - Fredrik Claesson is hit by Cade Fairchild and loses puck.
Goals for this period are 0 for Admirals vs 0 for Admirals NSH.
Shots for this period are 2 for Admirals vs 2 for Admirals NSH.

ShootOut


5:00 of 1st overtime period - Penalty Shot by Jonathan Marchessault for Admirals.
5:00 of 1st overtime period - Snap shot by Jonathan Marchessault.
5:00 of 1st overtime period - Stopped by Johan Gustafsson.
5:00 of 1st overtime period - Penalty Shot by Corey Tropp for Admirals NSH.
5:00 of 1st overtime period - Wrist shot by Corey Tropp.
5:00 of 1st overtime period - Goal by Corey Tropp.
5:00 of 1st overtime period - Penalty Shot by Keith Aucoin for Admirals.
5:00 of 1st overtime period - Deke by Keith Aucoin.
5:00 of 1st overtime period - Shot Misses the Net.
5:00 of 1st overtime period - Penalty Shot by Adam Cracknell for Admirals NSH.
5:00 of 1st overtime period - Wrist shot by Adam Cracknell.
5:00 of 1st overtime period - Goal by Adam Cracknell.


Output by the SimonT Hockey Simulator (STHS) for Eric Dolegowski -- Original Page W3C XHTML 1.0 Valid
Hockey Simulator - Hockey Simulation - Hockey Manager